 Dungeon Crawl Stone Soup version 0.29-a0-483-g69413ace17 (webtiles) character file.

Game seed: 9100571912169566975

83 jlumianski the Skirmisher (level 4, -1/37 HPs)
             Began as a Demonspawn Fighter on May 25, 2022.
             Splashed by a jelly's acid (8 damage)
             ... on level 3 of the Dungeon.
             The game lasted 00:08:26 (2601 turns).

jlumianski the Skirmisher (Demonspawn Fighter)      Turns: 2601, Time: 00:08:30

Health: -1/37      AC:  2    Str: 19    XL:     4   Next: 22%
Magic:  13/13      EV:  9    Int:  9    God:
Gold:   106        SH:  4    Dex: 12    Spells: 3/3 levels left

rFire   . . .      SeeInvis .   e - +2 dagger (venom)
rCold   . . .      Faith    .   c - +0 buckler
rNeg    . . .      Spirit   .   b - +0 scale mail
rPois   .          Reflect  .   (helmet restricted)
rElec   .          Harm     .   (no cloak)
rCorr   .          Rampage  .   n - +2 pair of gloves
Will    .....                   (no boots)
Stlth   ..........              (no amulet)
HPRegen 0.12/turn               h - ring of magical power
MPRegen 0.13/turn               (no ring)

@: corroded
A: antennae 2, demonic guardian 1
a: no special abilities


You were on level 3 of the Dungeon.
You visited 1 branch of the dungeon, and saw 3 of its levels.

You collected 106 gold pieces.

Inventory:

Hand Weapons
 a - a +0 war axe
 e - a +2 dagger of venom (weapon)
 j - the +0 falchion of Disorder {flame, +Blink Dex+4}
   (You found it on level 3 of the Dungeon)

   It burns those it strikes, dealing additional fire damage.
   Big, fiery blades are also staple armaments of hydra-hunters.
   Dex:       It affects your dexterity (+4).
   +Blink:    It lets you blink.
Missiles
 i - 23 stones (quivered)
Armour
 b - a +0 scale mail (worn)
 c - a +0 buckler (worn)
 n - a +2 pair of gloves (worn)
Jewellery
 h - a ring of magical power (left hand)
Scrolls
 g - 2 scrolls of immolation
 l - a scroll of teleportation
 o - a scroll of vulnerability {unknown}
 q - a scroll of poison {unknown}
Potions
 d - a potion of might
 f - 3 potions of attraction
 k - a potion of flight
 m - a potion of heal wounds
 p - 2 potions of lignification {unknown}


   Skills:
 + Level 3.6 Fighting
 + Level 2.4 Axes
 + Level 3.2 Armour
 + Level 0.4 Dodging
 + Level 3.2 Shields


You had 3 spell levels left.
You didn't know any spells.
Your spell library contained the following spells:

 Spells                   Type           Power      Damage    Failure   Level
 Ozocubu's Armour         Ice            0%         N/A       99%         3
 Metabolic Englaciation   Hex/Ice        0%         N/A       100%        5
 Simulacrum               Ice/Necr       0%         N/A       100%        6


Dungeon Overview and Level Annotations

Branches:
Dungeon (3/15)

Altars:


Innate Abilities, Weirdness & Mutations

You have a pair of antennae on your head.
A weak demonic guardian rushes to your aid.


Message History

A jelly comes into view.
The jelly quivers.
The jelly moves out of view.
p - a bubbling black potion
p - 2 bubbling black potions (gained 1)
You see here a scroll labelled YNETHE HA PEMM.
q - a scroll labelled YNETHE HA PEMM The jelly completely misses you.
You hit the jelly.
Your hands burn!
The jelly is moderately wounded.
The jelly hits you but does no damage.
You hit the jelly.
Your hands burn!
The jelly is heavily wounded.
The jelly hits you but does no damage. The jelly barely misses you.
You hit the jelly. The acid corrodes you!
Your hands burn!
The jelly is severely wounded.
The jelly barely misses you.
You hit the jelly. The acid corrodes you!
Your hands burn!
The jelly is severely wounded.
The jelly barely misses you.
You hit the jelly but do no damage.
Your hands burn!
A demonic guardian appears!
The jelly is severely wounded.
The jelly hits you but does no damage.
You hit the jelly.
Your hands burn!
The jelly is severely wounded.
The jelly hits you.
You are splashed with acid!
You hit the jelly but do no damage.
Your hands burn!
* * * LOW HITPOINT WARNING * * *
The jelly is severely wounded.
The jelly barely misses you.
Your shadow imp gestures at the jelly.
The jelly barely resists.
You hit the jelly but do no damage.
Your hands burn!
* * * LOW HITPOINT WARNING * * *
The jelly is severely wounded.
The jelly hits you.
* * * LOW HITPOINT WARNING * * *
You are splashed with acid!
You die...

..........)......## ##
..................#...
..................#...
......................
................[.....
..................#####
..<.......†.......#...
...............5J.#.#
................@..<#
......#+#........[#.#.###
......# #....[..)........
....).# #.........#.#.###
......# #.......).#.#.#
.....## ##..........# #
.....# #.......####
.....# #........ .....#
#.......#


You could see a jelly (ally target) and a friendly shadow imp (summoned).

Vanquished Creatures
  2 adders (D:2)
  A worm (D:2)
  4 dart slugs
  An orc (D:3)
  4 bats
  5 endoplasms
  A giant cockroach (D:3)
  3 goblins
  2 hobgoblins
  5 kobolds
  3 quokkas
  5 ball pythons
  4 frilled lizards
  3 rats
43 creatures vanquished.

Vanquished Creatures (collateral kills)
  2 orcs (D:3)
  An endoplasm (D:1)
  A hobgoblin (D:1)
  2 ball pythons (D:1)
  2 kobolds (D:1)
  A rat (D:1)
9 creatures vanquished.

Grand Total: 52 creatures vanquished

Notes
Turn   | Place    | Note
-------+----------+-------------------------------------------
     0 | D:1      | jlumianski the Demonspawn Fighter began the quest for the
                  | Orb.
     0 | D:1      | Reached XP level 1. HP: 18/18 MP: 1/1
   127 | D:1      | Gained mutation: A weak demonic guardian rushes to your
                  | aid. [demonic ancestry]
   127 | D:1      | Reached XP level 2. HP: 18/24 MP: 2/2
  1068 | D:2      | Gained mutation: You have a pair of small antennae on your
                  | head. [demonic ancestry]
  1068 | D:2      | Reached XP level 3. HP: 29/29 MP: 3/3
  1444 | D:2      | Found a faded altar of an unknown god.
  1710 | D:3      | Identified the +0 falchion of Disorder {flame, +Blink
                  | Dex+4}
  2293 | D:2      | Gained mutation: You have a pair of antennae on your head.
                  | [demonic ancestry]
  2293 | D:2      | Reached XP level 4. HP: 27/36 MP: 4/4
  2601 | D:3      | Splashed by a jelly's acid

Illustrated notes

Levels and vault maps discovered:
D:1:      lightli_arrival_isolated_outpost, layout_loops_ring,
          minmay_hexomino_c4
D:2:      layout_basic, hellmonk_ecumenical_altar_blasted,
          minmay_misc_feat_nine_boxes, minmay_crystal_water
D:3:      kennysheep_big_flooded_room, layout_basic,
          grunt_temple_overflow_opulence, mainiacjoe_overflow_surrounded_room,
          jmf_multi_god_temple2, lemuel_another_geyser

Skill      XL: |  1  2  3 |
---------------+----------+-----
Shields        | 3 |  3.2
Armour         | 3 |  3.2
Axes           | 2 |  2.4
Fighting       | |  3.6
Dodging        | |  0.4

Action                   |  1- 3 |  4- 6 || total
-------------------------+-------+-------++-------
Melee: War axe           |   105 |     3 ||   108
       Dagger            |       |    20 ||    20
  Use: Scroll            |     5 |       ||     5
Armor: Scale mail        |    55 |    10 ||    65
Dodge: Dodged            |    47 |     9 ||    56
Block: Buckler           |    28 |     2 ||    30

Table legend: (Time is in decaauts)
 A = Elapsed time spent in this place.
 B = Non-inter-level travel time spent in this place.
 C = Inter-level travel time spent in this place.
 D = Time resting spent in this place.
 E = Time spent auto-exploring this place.
 F = Levels seen in this place.
 G = Mean time per level.
                   A        B        C        D        E       F      G
               +--------+--------+--------+--------+--------+-----+--------+
         Total |   2657 |   2633 |     24 |    539 |   1133 |   3 |  885.7 |
       Dungeon |   2657 |   2633 |     24 |    539 |   1133 |   3 |  885.7 |
               +--------+--------+--------+--------+--------+-----+--------+

Top non-repeatable levels by time:
     D:2: 1736 daAuts
     D:1: 789 daAuts
     D:3: 131 daAuts
